 Dungeon Crawl Stone Soup version 0.20.1-1-g8b1a95d (webtiles) character file.

673557 letownia2 the Executioner (level 27, -1/292 HPs)
             Began as a Deep Dwarf Necromancer on Dec 20, 2017.
             Was an Initiate of Gozag.
             Slain by a fire giant
             ... wielding a +0 great sword of flaming
              (22 damage)
             ... on level 4 of the Depths.
             The game lasted 05:35:41 (76473 turns).

letownia2 the Executioner (Deep Dwarf Necromancer) Turns: 76473, Time: 05:35:42

Health: -1/292     AC: 30    Str: 27    XL:     27
Magic:  46/46      EV: 18    Int: 23    God:    Gozag
Gold:   2621       SH:  8    Dex: 20    Spells: 3/64 levels left

rFire    + . .     SeeInvis +   e - +7 executioner's axe (vamp)
rCold    + . .     Gourm    .   (shield currently unavailable)
rNeg     + + .     Faith    .   U - +1 chain mail of Yschoq {rF+ rN+ Str+7} (curse)
rPois    .         Spirit   .   f - +3 crown of Dyrovepreva {rElec Int+2 SInv}
rElec    +         Reflect  +   B - +2 cloak {+Inv}
rCorr    +         Harm     .   p - +1 pair of gloves {Dex+3}
MR       ++++.                  b - +0 pair of boots {Stlth+}
Stlth    ..........             G - brooch of Shielding {Reflect SH+8}
Regen    0.0/turn               y - ring "Siry" {rCorr Int+2 Dex+4 Slay+3}
MPRegen  0.3/turn               w - ring "Himedoy" {+Fly rC+}

@: non-regenerating, deflect missiles
A: damage resistance, heal wounds, icy blue scales 1, negative energy resistance
1, sense surroundings 3, robust 1, weak 1, no regeneration
}: 4/15 runes: serpentine, barnacled, slimy, silver
a: Heal Wounds, Potion Petition, Call Merchant, Bribe Branch, Renounce Religion,
Evoke Invisibility, Evoke Flight


You were on level 4 of the Depths.
You worshipped Gozag.
Gozag was most pleased with you.
You were not hungry.

You visited 14 branches of the dungeon, and saw 58 of its levels.
You also visited: Ice Cave and Wizlab.

You collected 37003 gold pieces.
You spent 864 gold pieces at shops.
You paid 33518 gold pieces to Gozag.

Inventory:

Hand Weapons
 a - a +6 executioner's axe of freezing
 e - a +7 vampiric executioner's axe (weapon)
Missiles
 d - 7 curare-tipped needles
Armour
 b - a +0 pair of boots of stealth (worn)
 f - the +3 crown of Dyrovepreva (worn) {rElec Int+2 SInv}
   (You found it on level 3 of the Elven Halls)

   It affects your intelligence (+2).
   It insulates you from electricity.
   It lets you see invisible.
 p - a +1 pair of gloves of dexterity (worn)
 B - a +2 cloak of invisibility (worn)
 U - the cursed +1 chain mail of Yschoq (worn) {rF+ rN+ Str+7}
   (You found it on level 2 of the Crypt)

   It affects your strength (+7).
   It protects you from fire.
   It protects you from negative energy.
   It has a curse placed upon it.
Magical Staves
 D - an uncursed staff of death
Jewellery
 w - the ring "Himedoy" (right hand) {+Fly rC+}
   (You took it off a skeletal warrior on level 3 of the Crypt)

   [ring of flight]

   It protects you from cold.
   It lets you fly.
 y - the ring "Siry" (left hand) {rCorr Int+2 Dex+4 Slay+3}
   (You found it on level 13 of the Dungeon)

   [ring of resist corrosion]

   It affects your intelligence (+2).
   It affects your dexterity (+4).
   It affects your accuracy and damage with ranged weapons and melee attacks
   (+3).
 G - the brooch of Shielding (around neck) {Reflect SH+8}
   (You took it off a deep elf demonologist on level 3 of the Elven Halls)

   [amulet of reflection]

   It shields you and reflects attacks.
   It affects your SH (+8).
Wands
 t - a wand of digging (12/24)
 x - a wand of acid (5/15)
 Y - a wand of paralysis (19/24)
 Z - a wand of clouds (7/9)
Scrolls
 c - 13 scrolls of immolation
 h - 20 scrolls of teleportation
 i - 39 scrolls of identify
 j - 5 scrolls of magic mapping
 l - 3 scrolls of blinking
 q - 17 scrolls of remove curse
 u - 8 scrolls of recharging
 E - 4 scrolls of summoning
 L - 6 scrolls of fog
 M - 3 scrolls of silence
 S - 8 scrolls of fear
 W - 3 scrolls of holy word
Potions
 g - 19 potions of mutation
 k - 7 potions of lignification
 m - a potion of ambrosia
 n - 7 potions of flight
 o - 5 potions of cancellation
 r - 8 potions of agility
 s - 9 potions of brilliance
 z - 5 potions of might
 C - 2 potions of invisibility
 H - 5 potions of magic
 I - 17 potions of heal wounds
 J - 3 potions of resistance
 N - 2 potions of berserk rage
 P - 14 potions of curing
 Q - 5 potions of haste
Miscellaneous
 F - a box of beasts
Comestibles
 v - a meat ration
 O - 6 bread rations
 R - 25 fruits


   Skills:
 - Level 19.4 Fighting
 - Level 26.0 Axes
 - Level 21.5 Armour
 - Level 11.5 Dodging
 - Level 2.4 Stealth
 - Level 19.0 Spellcasting
 - Level 3.1 Conjurations
 - Level 4.1 Hexes
 - Level 8.4 Charms
 + Level 15.1 Necromancy
 - Level 5.3 Translocations
 + Level 10.2 Transmutations
 - Level 2.1 Fire Magic
 - Level 10.5 Air Magic
 - Level 2.6 Poison Magic
 - Level 6.5 Evocations


You had 3 spell levels left.
You knew the following spells:

 Your Spells              Type           Power        Failure   Level  Hunger
a - Pain                  Necr           ####         0%          1    None
b - Blink                 Tloc           N/A          1%          2    None
c - Conjure Flame         Conj/Fire      ####....     6%          3    None
d - Dispel Undead         Necr           #######.     1%          5    None
e - Mephitic Cloud        Conj/Pois/Air  #####...     1%          3    None
f - Cigotuvi's Embrace    Necr           #######...   1%          5    None
g - Agony                 Necr           #######.     1%          5    None
i - Silence               Hex/Air        ######....   8%          5    None
l - Song of Slaying       Chrm           ######..     1%          2    None
n - Ignite Poison         Fire/Tmut/Pois #####...     2%          3    None
p - Poisonous Vapours     Pois/Air       ######       1%          2    None
r - Deflect Missiles      Chrm/Air       ######....   19%         6    ###....
s - Swiftness             Chrm/Air       ######..     1%          2    None
t - Shroud of Golubria    Chrm/Tloc      ######....   1%          2    None
v - Vampiric Draining     Necr           #######...   1%          3    None
x - Spectral Weapon       Hex/Chrm       ######..     1%          3    None
z - Summon Butterflies    Summ           ###.....     6%          1    None
N - Necromutation         Tmut/Necr      ######....   91%         8    ######.


Dungeon Overview and Level Annotations

Branches:
Dungeon (15/15)            Temple (0/1) D:4            Lair (6/6) D:11
 Shoals (4/4) Lair:2        Snake (4/4) Lair:3        Slime (5/5) Lair:5
    Orc (2/2) D:12            Elf (3/3) Orc:2        Vaults (5/5) D:14
  Crypt (3/3) Vaults:3       Tomb (0/3) Crypt:3      Depths (5/5) D:15
   Hell (1/1)                 Dis (0/7) Hell            Geh (1/7) Hell
    Coc (1/7) Hell            Tar (0/7) Hell            Zot (3/5) Depths:5

Altars:
Ashenzari
Cheibriados
Fedhas
Gozag
Hepliaklqana
Kikubaaqudgha
Makhleb
Okawaru
Ru
Sif Muna
Trog
Xom
Zin
Jiyva

Shops:
D:7 }   D:8 %   D:10 =   Orc:2 ((([   Elf:1 [[=   Elf:2 [   Lair:1 [
Lair:2 =*[=*[[*[(=[[[   Snake:2 (?[(   Snake:4 (   Vaults:4 :   Hell **=[*
Depths:3 =

Portals:
Hell: Depths:1 Depths:2 Depths:3 Depths:4 Depths:5
Abyss: Depths:4
Pandemonium: Depths:2 Depths:3
Ziggurat: Depths:5

Annotations:
D:10 2 transporters
Lair:2 FIGHTING MANUAL
Slime:1 Terandir's ghost, adept MiFi
Orc:1 Urug
Elf:2 3 runed doors
Vaults:2 exclusion: 2 slime creatures


Innate Abilities, Weirdness & Mutations

You are resistant to damage.
You can heal yourself by infusing magical energy.
You resist negative energy. (rN+)
You passively map a large area around you.
You do not regenerate.
You are partially covered in icy blue scales. (AC +2)
You are robust. (+10% HP)
You are weak. (Str -2)


Message History

You cut the fire giant into ribbons!!!
The fire giant is moderately wounded.
Unknown command.
You slash the fire giant!
The fire giant is heavily wounded.
The fire giant gestures at you while chanting.
You deflect the bolt of fire!
Unknown command.
You slash the fire giant!
The fire giant is severely wounded.
The fire giant points at you and mumbles some strange words.
The fireball explodes!
The fireball engulfs you! You resist.
* * * LOW HITPOINT WARNING * * *
The fireball engulfs the fire giant.
The fire giant resists.
You hear a shout!
Unknown command.
You feel better.
The fire giant hits you with a great sword of flaming!!
You die...
Your body crumbles into a pile of gold.

### #.## ##.## ##########.###
####### .............#
#######......
....§........########....##.<...<
≈≈.§..≈≈≈.....uC@>.''..⌠.''......
≈§≈§§§.≈≈≈...#.######....##...<..
≈≈≈§§§........)...#########......
≈≈≈≈≈≈.......##....##############
≈≈≈≈≈............................
≈≈≈......###.≈.............≈.....
......####....≈...........≈≈≈≈≈..
#######........≈........≈≈≈≈≈≈≈≈≈
#.......≈......≈≈.......≈≈≈≈≈≈≈≈.


You could see a green very ugly thing and a fire giant.

Vanquished Creatures
  the Royal Jelly (Slime:5)
  Mara (Shoals:3)
  2 ancient liches
  A juggernaut (Depths:4)
  Saint Roka (Elf:3)
  A shard shrike (Coc:1)
  A curse toe (Zot:3)
  A caustic shrike (Depths:4)
  Geryon (Hell)
  7 golden dragons
  A mutant beast (WizLab)
  A bone dragon (Coc:1)
  An Ice Fiend (Coc:1)
  A hellephant (Hell)
  Jorgrun (Elf:3)
  3 liches
  5 tentacled monstrosities
  The ghost of p0werm0de the Spawn of Chaos, an adept DDFi of Makhleb (Vaults:4)
  A deep elf blademaster (Elf:3)
  8 titans
  7 quicksilver dragons
  Polyphemus (Shoals:3)
  3 death cobs
  Gastronok (D:8)
  16 acid blobs
  3 ancient champions
  Agnes (D:15)
  Frances (D:12)
  14 storm dragons
  Kirke (D:13)
  5 sphinxes
  9 shadow dragons
  8 tengu reavers
  13 azure jellies
  A draconian monk (Zot:1)
  9 nagarajas
  Ilsuiw (Shoals:4)
  10 fire giants
  6 revenants
  6 frost giants
  20 vault wardens
  A ghost moth (Zot:2)
  A draconian knight (Zot:1)
  2 curse skulls
  7 deep elf sorcerers
  An iron dragon (Depths:5)
  5 deep elf elementalists (Elf:3)
  A draconian shifter (Zot:1)
  Louise (Shoals:2)
  A balrug (Depths:1)
  A ghoul (Vaults:4)
  A juggernaut zombie (Hell)
  A draconian stormcaller (Depths:5)
  Aizul (Elf:3)
  23 stone giants
  34 very ugly things
  A draconian annihilator (Depths:5)
  5 war gargoyles
  23 ironheart preservers
  5 spriggan defenders (Depths:4)
  10 deep elf demonologists
  4 reapers
  6 black draconians
  A red draconian (Depths:5)
  2 green draconians
  4 entropy weavers (Vaults:4)
  14 deep elf annihilators
  5 yellow draconians
  3 purple draconians
  A spark wasp (shapeshifter) (WizLab)
  5 dire elephants (Lair:6)
  A white draconian (Zot:2)
  12 spark wasps
  An eidolon (Crypt:3)
  10 merfolk javelineers
  21 ettins
  13 deep elf death magi
  5 crystal guardians
  6 death oozes (Slime:5)
  10 fire dragons
  A mummy priest (Crypt:3)
  3 merfolk impalers
  A minotaur (shapeshifter) (Vaults:5)
  7 jiangshi
  13 great orbs of eyes
  18 yaktaur captains
  2 deep elf high priests (Vaults:5)
  Josephine (Lair:4)
  36 vault guards
  Fannar (D:11)
  3 rakshasas
  6 hydras
  13 ice dragons
  14 naga warriors
  3 spriggan air magi
  2 alligator snapping turtles
  7 merfolk aquamancers
  16 centaur warriors
  5 anacondas
  A catoblepas (Shoals:3)
  6 merfolk avatars
  70 two-headed ogres
  4 death knights
  10 deep troll shamans
  8 deep troll earth magi
  19 ogre magi
  3 death yaks (Shoals:3)
  A titan zombie (Coc:1)
  7 large abominations (WizLab)
  3 satyrs (Shoals:3)
  9 tengu warriors
  8 vampire magi
  2 orc high priests (Orc:2)
  7 soul eaters
  11 naga sharpshooters
  4 spriggan berserkers
  17 deep elf knights
  9 shock serpents
  An iron golem (WizLab)
  4 sun demons
  38 hell knights
  A golden dragon zombie (Geh:1)
  3 iron trolls
  3 anaconda zombies
  5 shadow wraiths
  19 skeletal warriors
  A storm dragon skeleton (Crypt:3)
  16 flayed ghosts
  A fire crab (shapeshifter) (WizLab)
  3 salamander mystics
  9 sea snakes
  5 glowing orange brains
  23 deep trolls
  A ghost moth zombie (Crypt:1)
  An orange crystal statue (Depths:1)
  A kraken simulacrum (Hell)
  12 phantasmal warriors
  23 deep elf archers
  3 naga ritualists (Snake:4)
  A lindwurm (shapeshifter) (WizLab)
  The ghost of asishallab the Thrower, a novice TrHu of Fedhas (D:6)
  18 orc knights
  A harpy (shapeshifter) (WizLab)
  5 wizards
  12 harpies
  7 orc sorcerers
  4 mana vipers
  93 deep elf magi
  13 necromancers
  2 mana vipers (shapeshifter) (WizLab)
  9 ironbrand convokers
  3 wolf spiders
  73 ugly things
  16 manticores
  2 oklob plants (D:11)
  A sphinx zombie (Hell)
  4 shining eyes
  2 shadow dragon skeletons
  17 fauns
  3 stone giant zombies
  3 fire giant zombies
  10 moths of wrath
  A frost giant zombie (Hell)
  12 salamanders
  6 cyclopes
  A dire elephant zombie (Crypt:3)
  2 manticores (shapeshifter)
  3 eyes of devastation
  Maurice (Orc:2)
  25 black mambas
  27 naga magi
  2 black mambas (shapeshifter) (WizLab)
  3 ice statues (IceCv)
  5 guardian serpents
  A torpor snail (Lair:6)
  7 merfolk sirens
  A stone giant skeleton (Crypt:3)
  15 elephants
  6 water nymphs
  Psyche (D:8)
  A smoke demon (Depths:3)
  10 fire giant skeletons (Crypt:3)
  Joseph (D:8)
  3 frost giant skeletons
  A torpor snail (shapeshifter) (WizLab)
  16 vault sentinels
  2 guardian serpents (shapeshifter)
  2 orange demons (Depths:3)
  2 molten gargoyles (Hell)
  A shock serpent skeleton (Crypt:1)
  A storm dragon simulacrum (Vaults:3)
  5 gargoyles
  A green draconian zombie (Crypt:1)
  A catoblepas zombie (Crypt:2)
  2 yaktaur zombies (Hell)
  2 tormentors
  12 spiny frogs
  66 yaktaurs
  A kobold demonologist (D:14)
  A hellion (Hell)
  4 rime drakes
  8 komodo dragons
  4 efreet
  A dire elephant skeleton (Coc:1)
  An iron troll zombie (Crypt:2)
  11 freezing wraiths
  2 yaktaurs (shapeshifter) (WizLab)
  7 tengu conjurers
  9 ice devils
  A demonic crawler (Hell)
  3 hydra zombies
  A catoblepas skeleton (Coc:1)
  A harpy zombie (Coc:1)
  3 red devils
  A guardian mummy (Crypt:3)
  5 meliai (shapeshifter)
  3 trolls (shapeshifter)
  A sea snake skeleton (Crypt:1)
  2 queen bees (shapeshifter) (WizLab)
  A minotaur zombie (Crypt:2)
  25 merfolk
  A death drake zombie (Crypt:1)
  A sphinx simulacrum (Vaults:2)
  Prince Ribbit (D:6)
  4 meliai
  2 jumping spiders (Vaults:4)
  2 queen bees
  2 tengu simulacra
  9 trolls
  102 slime creatures
  2 polar bears (shapeshifter)
  A blink frog (shapeshifter) (WizLab)
  9 blink frogs
  5 deep troll zombies
  2 wind drakes (shapeshifter)
  A raiju (shapeshifter) (WizLab)
  13 hippogriffs
  5 wind drakes
  A spriggan zombie (Hell)
  7 hornets
  A fire dragon zombie (Crypt:3)
  5 raiju (Depths:2)
  4 dream sheep (Lair:6)
  A hippogriff (shapeshifter) (Vaults:2)
  A frost giant simulacrum (Vaults:1)
  12 snapping turtles
  11 flying skulls
  3 alligator zombies (Hell)
  7 redbacks (Vaults:4)
  A redback (shapeshifter) (WizLab)
  36 water elementals
  2 ettin skeletons (Crypt:3)
  2 tarantellas (Vaults:4)
  6 fire dragon skeletons (Crypt:3)
  An ushabti (Crypt:3)
  2 air elementals
  46 yaks
  A fire bat (shapeshifter) (WizLab)
  4 shadows
  3 yaks (shapeshifter)
  3 spriggans (Depths:4)
  19 wraiths
  6 basilisks
  2 humans
  9 wyverns
  2 fire bats (Depths:4)
  6 fire elementals
  A wyvern (shapeshifter) (WizLab)
  6 small abominations (WizLab)
  7 golden eyes
  A golden eye (shapeshifter) (WizLab)
  2 hogs
  10 hungry ghosts
  6 vampire mosquitoes
  2 yaktaur simulacra
  A chaos spawn (Depths:3)
  A swamp worm (Lair:1)
  A steam dragon (shapeshifter) (Depths:1)
  7 wargs
  A gelid demonspawn zombie (Crypt:1)
  5 acid dragons
  46 nagas
  2 swamp worms (shapeshifter)
  A soldier ant (D:14)
  5 floating eyes
  3 soldier ants (shapeshifter) (WizLab)
  20 water moccasins
  A floating eye (shapeshifter) (WizLab)
  3 hell hounds (Hell)
  9 porcupines
  21 ice beasts
  45 orc warriors
  2 phantoms
  3 black bears
  6 sky beasts
  A lindwurm zombie (Crypt:2)
  A hornet zombie (D:14)
  2 spiny frog skeletons
  An alligator simulacrum (Hell)
  50 ogres
  25 boggarts
  A centaur (shapeshifter) (Vaults:5)
  5 eyes of draining
  4 necrophages
  27 centaurs
  A crocodile (shapeshifter) (WizLab)
  A snapping turtle skeleton (Geh:1)
  12 crocodiles
  3 earth elementals
  4 big kobolds
  A big kobold (shapeshifter) (Vaults:1)
  2 gnoll sergeants
  17 bullfrogs
  2 wyvern zombies
  7 scorpions
  3 wyvern skeletons
  7 wights (Geh:1)
  An elf simulacrum (Vaults:3)
  48 killer bees
  4 electric eels (D:9)
  16 howler monkeys
  9 crimson imps
  7 centaur zombies
  A human zombie (Crypt:2)
  4 quasits
  A human simulacrum (Vaults:3)
  8 hounds
  3 bullfrog skeletons
  2 bullfrog zombies
  31 orc priests
  A black bear zombie (Crypt:1)
  7 centaur skeletons
  7 jellies
  38 orc wizards
  3 iron imps (Depths:3)
  Jessica (D:2)
  7 iguanas
  A porcupine zombie (Crypt:1)
  2 hell rats (Lair:6)
  12 worker ants
  6 yak simulacra (Lair:3)
  3 polar bear simulacra (Lair:3)
  A wolf simulacrum (Lair:3)
  A crocodile zombie (Crypt:2)
  A dwarf zombie (Crypt:2)
  An acid dragon skeleton (Crypt:2)
  3 hound skeletons
  11 mummies (Crypt:3)
  Robin (D:2)
  7 gnolls
  2 steam dragon zombies (Crypt:2)
  12 adders
  4 river rats (Lair:6)
  A river rat (shapeshifter) (Depths:4)
  11 shadow imps
  2 ufetubi (Depths:3)
  2 oozes
  An adder skeleton (D:8)
  3 worms
  A dart slug (D:2)
  9 leopard geckos
  141 orcs
  3 ball pythons
  5 giant cockroaches
  11 goblins
  12 hobgoblins
  15 jackals
  24 kobolds
  6 quokkas
  2 bats
  8 frilled lizards
  A leopard gecko skeleton (Crypt:1)
  18 rats
  A river rat simulacrum (Lair:3)
  A fungus (Lair:3)
  6 plants
2905 creatures vanquished.

Vanquished Creatures (collateral kills)
  An azure jelly (Slime:3)
  An ironheart preserver (Vaults:1)
  A shining eye (Slime:3)
3 creatures vanquished.

Vanquished Creatures (others)
  An ancient lich (Hell)
  A frost giant (Depths:1)
  A merfolk javelineer (Shoals:4)
  14 dancing weapons
  An orc high priest (Orc:2)
  A skeletal warrior (Vaults:1)
  A deep troll (Vaults:5)
  A deep elf archer (Vaults:4)
  An ugly thing (Vaults:1)
  A deep elf mage (Vaults:5)
  A yaktaur (Vaults:5)
  4 humans (D:13)
  A boggart (Depths:1)
  A wight (Geh:1)
  A jelly (D:13)
  An orc wizard (Orc:2)
  2 orcs (Orc:2)
  A kobold (D:14)
  12 fungi
  25 plants
  4 tentacles (Hell)
  26 withered plants (Crypt:3)
102 creatures vanquished.

Grand Total: 3010 creatures vanquished

Notes
Turn   | Place    | Note
-------+----------+-------------------------------------------
     0 | D:1      | letownia2 the Deep Dwarf Necromancer began the quest for the Orb.
     0 | D:1      | Reached XP level 1. HP: 15/15 MP: 3/3
   128 | D:2      | Noticed Robin
   180 | D:2      | Reached XP level 2. HP: 17/22 MP: 0/5
   260 | D:2      | Found an opulent altar of Gozag.
   292 | D:2      | Became a worshipper of Gozag Ym Sagoz the Greedy
   374 | D:2      | Noticed Jessica
   377 | D:2      | Killed Jessica
   377 | D:2      | Reached XP level 3. HP: 18/28 MP: 1/7
   408 | D:2      | Noticed a moth of wrath
   433 | D:2      | Killed Robin
   465 | D:2      | Reached XP level 4. HP: 20/36 MP: 1/9
   618 | D:2      | Reached skill level 5 in Necromancy
   634 | D:2      | Found a bloodstained altar of Trog.
   693 | D:2      | Learned a level 3 spell: Vampiric Draining
  1936 | D:1      | Reached XP level 5. HP: 28/43 MP: 10/10
  2274 | D:3      | Reached skill level 1 in Fighting
  2332 | D:3      | Found a faded altar of an unknown god.
  2469 | D:3      | Reached skill level 1 in Axes
  2708 | D:3      | Reached XP level 6. HP: 21/51 MP: 11/11
  3279 | D:4      | Found a staircase to the Ecumenical Temple.
  3478 | D:4      | Found a sacrificial altar of Ru.
  3667 | D:4      | Reached XP level 7. HP: 31/57 MP: 12/12
  4293 | D:5      | Entered Level 5 of the Dungeon
  4411 | D:5      | Learned a level 2 spell: Blink
  4415 | D:5      | Learned a level 3 spell: Conjure Flame
  4419 | D:5      | Learned a level 3 spell: Mephitic Cloud
  4511 | D:5      | Reached XP level 8. HP: 28/64 MP: 11/15
  4627 | D:5      | Reached skill level 1 in Conjurations
  4627 | D:5      | Reached skill level 1 in Fire Magic
  4814 | D:5      | Reached skill level 1 in Translocations
  4814 | D:5      | Reached skill level 1 in Poison Magic
  4825 | D:5      | Reached skill level 5 in Spellcasting
  5004 | D:5      | Reached skill level 1 in Air Magic
  5317 | D:6      | Noticed a purple ugly thing
  5333 | D:6      | Killed a purple ugly thing
  5333 | D:6      | Gained mutation: You passively map the area around you. [Deep Dwarf growth]
  5333 | D:6      | Reached XP level 9. HP: 44/70 MP: 0/17
  5434 | D:6      | Reached skill level 1 in Evocations
  5442 | D:6      | Noticed asishallab's ghost (novice TrHu)
  5469 | D:6      | Got a dazzling hand axe
  5471 | D:6      | Identified the +9 hand axe "Penicsew" {flame, *Noise rPois Stlth+} (You found it on level 6 of the Dungeon)
  5644 | D:6      | Noticed Prince Ribbit
  5658 | D:6      | Killed Prince Ribbit
  5658 | D:6      | Reached skill level 2 in Axes
  5774 | D:6      | Found a hazy altar of Hepliaklqana.
  5892 | D:6      | Killed asishallab's ghost
  5892 | D:6      | Reached skill level 3 in Axes
  5998 | D:6      | Reached skill level 4 in Axes
  5998 | D:6      | Reached skill level 5 in Evocations
  6326 | D:7      | Found a shimmering altar of Xom.
  6448 | D:7      | Found a shattered altar of Ashenzari.
  6449 | D:7      | Found a glowing silver altar of Zin.
  6464 | D:7      | Reached skill level 5 in Axes
  6681 | D:7      | Found Deowyjoo's Gadget Boutique.
  7006 | D:7      | Reached XP level 10. HP: 52/79 MP: 11/20
  7324 | D:8      | Found a snail-covered altar of Cheibriados.
  7332 | D:8      | Reached skill level 6 in Axes
  7410 | D:8      | Found Bucaad's Food Shoppe.
  7520 | D:8      | Noticed Psyche
  7522 | D:8      | Noticed Joseph
  7530 | D:8      | Reached skill level 1 in Armour
  7543 | D:8      | Killed Joseph
  7563 | D:8      | Noticed Gastronok
  7963 | D:8      | Killed Gastronok
  7963 | D:8      | Reached skill level 7 in Axes
  8159 | D:9      | Noticed a two-headed ogre
  8177 | D:9      | Killed a two-headed ogre
  8177 | D:9      | Reached skill level 8 in Axes
  8204 | D:9      | Noticed a green ugly thing
  8210 | D:9      | Killed a green ugly thing
  8210 | D:9      | Reached skill level 9 in Axes
  8210 | D:9      | Reached XP level 11. HP: 83/92 MP: 5/21
  8459 | D:9      | Reached skill level 5 in Dodging
  9233 | D:9      | Found a deep blue altar of Sif Muna.
  9264 | D:10     | Entered Level 10 of the Dungeon
  9264 | D:10     | Noticed a purple ugly thing
  9284 | D:10     | Killed a purple ugly thing
  9481 | D:10     | Noticed a two-headed ogre
  9496 | D:10     | Killed a two-headed ogre
  9571 | D:10     | Found a transporter.
  9902 | D:10     | Reached skill level 10 in Necromancy
 10179 | D:10     | Found Vaobb's Jewellery Emporium.
 10361 | D:11     | Noticed Fannar
 10361 | D:11     | Noticed a two-headed ogre
 10387 | D:11     | Killed Fannar
 11051 | D:11     | Found a staircase to the Lair.
 11087 | D:11     | Noticed a skeletal warrior
 11091 | D:11     | Noticed a skeletal warrior
 11180 | D:11     | Reached XP level 12. HP: 53/99 MP: 10/24
 11240 | D:11     | Killed a two-headed ogre
 11506 | D:11     | Found a blossoming altar of Fedhas.
 11715 | D:12     | Noticed Frances
 11715 | D:12     | Noticed a two-headed ogre
 11748 | D:12     | Killed a two-headed ogre
 11782 | D:12     | Found a staircase to the Orcish Mines.
 11805 | D:12     | Reached skill level 10 in Axes
 11950 | D:12     | Killed Frances
 12397 | D:12     | Reached skill level 11 in Axes
 13068 | Lair:1   | Entered Level 1 of the Lair of Beasts
 13072 | Lair:1   | Got a pitted marble ring
 13074 | Lair:1   | Identified the ring "Elurr" {rN+ Stlth-} (You found it on level 1 of the Lair of Beasts)
 13191 | Orc:1    | Entered Level 1 of the Orcish Mines
 13525 | Orc:2    | Entered Level 2 of the Orcish Mines
 13529 | Orc:2    | Noticed a two-headed ogre
 13547 | Orc:1    | Reached XP level 13. HP: 66/108 MP: 3/25
 13728 | D:13     | Reached skill level 12 in Axes
 13778 | D:13     | Noticed Kirke
 14354 | D:13     | Reached skill level 13 in Axes
 14445 | D:13     | Got a smelly ring mail
 14458 | D:13     | Identified the +1 ring mail "Nurgh" {rN+ Int+6 Slay+3} (You took it off a tengu warrior on level 13 of the Dungeon)
 14643 | D:13     | Killed Kirke
 14759 | D:13     | Reached skill level 14 in Axes
 14766 | D:13     | Got a vibrating tin ring
 14769 | D:13     | Identified the ring "Siry" {rCorr Int+2 Dex+4 Slay+3} (You found it on level 13 of the Dungeon)
 14782 | D:13     | Learned a level 5 spell: Dispel Undead
 14946 | D:13     | Noticed a fire dragon
 14962 | D:13     | Killed a fire dragon
 15141 | D:13     | Reached skill level 5 in Fighting
 15468 | Lair:2   | Learned a level 5 spell: Agony
 15586 | Orc:2    | Noticed Maurice
 15709 | Orc:2    | Killed Maurice
 16095 | Orc:2    | Found a staircase to the Elven Halls.
 16498 | Orc:2    | Gained mutation: You resist negative energy. (rN+) [Deep Dwarf growth]
 16498 | Orc:2    | Reached XP level 14. HP: 83/120 MP: 18/27
 16593 | Orc:2    | Identified 3 scrolls of acquirement
 16899 | Orc:2    | Reached skill level 15 in Axes
 17226 | Orc:2    | Found Zoplav's Antique Armour Shop.
 17226 | Orc:2    | Found Dyschey's Weapon Emporium.
 17228 | Orc:2    | Found Zyffith's Antique Weapon Shop.
 17228 | Orc:2    | Found Pokeff's Weapon Emporium.
 17876 | Lair:4   | Found a frozen archway.
 17917 | Lair:4   | Reached skill level 10 in Spellcasting
 17999 | IceCv    | Entered an ice cave
 18269 | IceCv    | Identified Voigimif's Papyrus of the Flying Compass
 18315 | IceCv    | Learned a level 2 spell: Shroud of Golubria
 18644 | Lair:5   | Found a staircase to the Slime Pits.
 18646 | Lair:5   | Found a viscous altar of Jiyva.
 18668 | Lair:5   | Reached skill level 5 in Armour
 18739 | Lair:6   | Entered Level 6 of the Lair of Beasts
 18739 | Lair:6   | Found a burning altar of Makhleb.
 18997 | Lair:6   | Reached skill level 16 in Axes
 19661 | Lair:6   | Reached XP level 15. HP: 83/132 MP: 18/29
 20734 | D:14     | Reached skill level 17 in Axes
 21838 | D:14     | Found a gate to the Vaults.
 21970 | D:14     | Learned a level 2 spell: Swiftness
 22080 | D:14     | Reached skill level 18 in Axes
 22335 | D:15     | Entered Level 15 of the Dungeon
 22495 | D:15     | Noticed Agnes
 22509 | D:15     | Killed Agnes
 22727 | D:15     | Noticed a fire giant
 22825 | D:15     | Killed a fire giant
 22855 | D:15     | Found a staircase to the Depths.
 22875 | D:15     | Found an iron altar of Okawaru.
 23567 | Lair:2   | Found a staircase to the Shoals.
 23720 | Shoals:1 | Entered Level 1 of the Shoals
 23771 | Lair:2   | Reached skill level 19 in Axes
 24896 | Shoals:1 | Reached XP level 16. HP: 119/141 MP: 24/30
 25164 | Shoals:2 | Noticed Louise
 25263 | Shoals:2 | Killed Louise
 25954 | Lair:3   | Found a staircase to the Snake Pit.
 25979 | Snake:1  | Entered Level 1 of the Snake Pit
 26061 | Snake:2  | Found Ciosan's Weapon Emporium.
 26083 | Snake:2  | Found Obbih's Antique Armour Boutique.
 26099 | Snake:2  | Bought a pair of polished boots for 266 gold pieces
 26109 | Snake:2  | Identified the +5 pair of boots "Tisusch" {-Tele +Inv MR+ Regen+} (You bought it in a shop on level 2 of the Snake Pit)
 26129 | Snake:2  | Found Muweutru's Weapon Shoppe.
 26140 | Snake:2  | Reached skill level 1 in Charms
 26179 | Snake:2  | Found Uxuacwat's Magic Scroll Shop.
 26355 | Snake:4  | Entered Level 4 of the Snake Pit
 26355 | Snake:4  | Found Yceat's Weapon Boutique.
 27411 | Snake:4  | Reached skill level 5 in Translocations
 28059 | Snake:4  | Reached skill level 20 in Axes
 28098 | Snake:4  | Reached skill level 10 in Fighting
 28426 | Snake:4  | Reached XP level 17. HP: 123/153 MP: 19/31
 29506 | Snake:4  | Reached skill level 10 in Armour
 30008 | Snake:4  | Got a serpentine rune of Zot
 30254 | Lair:2   | Got a polished hat
 30265 | Lair:2   | Identified the +0 hat "Ijacamit" {rF+ Regen+ Dex-4 Slay+3} (You acquired it on level 2 of the Lair of Beasts)
 30267 | Lair:2   | Got a polished hat
 30278 | Lair:2   | Identified the -1 hat "Leesyolu" {rN+ Regen+ Str+3} (You acquired it on level 2 of the Lair of Beasts)
 30398 | Elf:1    | Entered Level 1 of the Elven Halls
 30662 | Elf:1    | Reached skill level 21 in Axes
 30852 | Elf:1    | Found Neulie's Antique Armour Shoppe.
 30854 | Elf:1    | Found Ciomuj's Armour Emporium.
 30856 | Elf:1    | Found Jolul's Jewellery Shoppe.
 32075 | Lair:6   | Got an ichor-stained morningstar
 32076 | Lair:6   | Identified the +10 morningstar of Analysis {speed, rN+} (You found it on level 6 of the Lair of Beasts)
 32865 | Shoals:3 | Noticed Mara
 32866 | Shoals:3 | Noticed letownia2's illusion
 33002 | Lair:5   | Gained mutation: You passively map a large area around you. [Deep Dwarf growth]
 33002 | Lair:5   | Reached XP level 18. HP: 152/162 MP: 32/32
 33077 | Slime:1  | Entered Level 1 of the Pits of Slime
 33107 | Slime:1  | Reached skill level 22 in Axes
 33373 | Slime:2  | Gained mutation: You occasionally shout uncontrollably at your foes. [a shining eye]
 33388 | Slime:2  | Gained mutation: Your body sometimes deteriorates upon taking damage. [a shining eye]
 33819 | Vaults:1 | Entered Level 1 of the Vaults
 34225 | Vaults:1 | Reached skill level 23 in Axes
 35200 | D:10     | Got a glittering garnet amulet
 35204 | D:10     | Identified the amulet "Otaqaagh" {Faith rF+ Str+6 Dex-5} (You found it on level 10 of the Dungeon)
 35209 | D:10     | Found a transporter.
 35275 | D:10     | Found a transporter.
 35338 | D:10     | Found Vaobb's Jewellery Emporium.
 35628 | D:10     | Found a transporter.
 35724 | D:8      | Killed Psyche
 36146 | D:11     | Learned a level 3 spell: Inner Flame
 36404 | Shoals:3 | Noticed letownia2's illusion
 37842 | Elf:1    | Reached skill level 24 in Axes
 38473 | Orc:1    | Noticed Urug
 38641 | Orc:2    | Bought a distressingly furry chain mail for 237 gold pieces
 38651 | Orc:2    | Identified the +6 chain mail of Midsummer {rF++ Stlth+} (You bought it in a shop on level 2 of the Orcish Mines)
 39355 | Elf:2    | Reached XP level 19. HP: 151/168 MP: 33/33
 39365 | Elf:2    | Found Eghykler's Antique Armour Shoppe.
 39377 | Elf:2    | Bought a pair of bloodstained gloves for 361 gold pieces
 39384 | Elf:2    | Identified the cursed -5 pair of gloves of Lethargy {Str+2} (You bought it in a shop on level 2 of the Elven Halls)
 39779 | Elf:2    | Found a runed gate.
 39779 | Elf:2    | Found a runed gate.
 39780 | Elf:2    | Found a runed gate.
 39826 | Elf:3    | Entered Level 3 of the Elven Halls
 39848 | Elf:3    | Noticed a Tzitzimitl
 40115 | Elf:3    | Reached skill level 5 in Air Magic
 40182 | Elf:3    | Noticed Saint Roka
 40204 | Elf:3    | Killed Saint Roka
 40262 | Elf:3    | Noticed Aizul
 40272 | Elf:3    | Killed Aizul
 40367 | Elf:3    | Noticed Jorgrun
 40379 | Elf:3    | Killed Jorgrun
 41112 | Elf:3    | Got an iridescent demon trident {flame}
 41173 | Elf:3    | Identified the Compendium of the Creative Birds
 41240 | Elf:3    | Learned a level 1 spell: Summon Butterflies
 41851 | Elf:3    | Got a transparent iron amulet
 41879 | Elf:3    | Identified the Papyrus of the Snowflakes
 41914 | Elf:3    | Identified the Tome of Glacial Companions
 41994 | Elf:3    | Got a faintly humming chain mail
 41997 | Elf:3    | Got an ichor-stained plate armour
 42010 | Elf:3    | Identified the +7 chain mail of Tucser {rC++ Int-2 Dex+4} (You found it on level 3 of the Elven Halls)
 42020 | Elf:3    | Identified the +8 plate armour of the Dwarven Hall {Stlth+} (You found it on level 3 of the Elven Halls)
 42099 | Elf:3    | Identified the amulet of Yfa Vauz {Spirit +Blink rN+ Str-4 SInv} (You took it off a deep elf mage on level 3 of the Elven Halls)
 42118 | Elf:3    | Identified the +5 demon trident "Onoaf" {flame, +Blink rPois Int+2} (You took it off a deep elf death mage on level 3 of the Elven Halls)
 42727 | Vaults:1 | Reached XP level 20. HP: 176/176 MP: 35/35
 43119 | Vaults:1 | Reached skill level 25 in Axes
 44745 | Vaults:2 | Reached skill level 26 in Axes
 45502 | Vaults:2 | Got a pitted arbalest
 45694 | Vaults:3 | Found a staircase to the Crypt.
 45866 | Vaults:3 | Reached XP level 21. HP: 190/190 MP: 36/36
 45966 | Vaults:3 | Found a magical portal.
 45971 | WizLab   | Entered Cigotuvi's Fleshworks
 45975 | WizLab   | Identified the +6 arbalest of Truth {venom, rPois MR+ Str+4} (You found it on level 2 of the Vaults)
 46816 | WizLab   | Paralysed by a floating eye for 3 turns
 46825 | WizLab   | Paralysed by a floating eye for 4 turns
 46957 | WizLab   | Got a scintillating golden ring
 46959 | WizLab   | Identified the ring "Xeam" {Int+4 Dex+6} (You found it in a wizard's laboratory)
 47031 | WizLab   | Identified the Grimoire of Transmigration
 47036 | WizLab   | Learned a level 3 spell: Ignite Poison
 47042 | WizLab   | Identified the Grimoire of Transmutation
 47044 | WizLab   | Identified Cigotuvi's Grimoire of Transformation and Dark Rites
 47215 | WizLab   | Learned a level 5 spell: Cigotuvi's Embrace
 48113 | Vaults:3 | Reached skill level 15 in Armour
 48586 | Vaults:4 | Identified Uzigemub's Papyrus of Gliding Evil Rites
 48625 | Vaults:4 | Noticed p0werm0de's ghost (adept DDFi)
 48649 | Vaults:4 | Killed p0werm0de's ghost
 49352 | Lair:2   | Learned a level 2 spell: Poisonous Vapours
 49528 | Slime:3  | Gained mutation: Potions are less effective at restoring your health. [a shining eye]
 49539 | Slime:3  | Lost mutation: Your body sometimes deteriorates upon taking damage. [potion of mutation]
 49539 | Slime:3  | Lost mutation: You occasionally shout uncontrollably at your foes. [potion of mutation]
 49539 | Slime:3  | Lost mutation: Potions are less effective at restoring your health. [potion of mutation]
 49539 | Slime:3  | Gained mutation: You are partially covered in icy blue scales. (AC +2) [potion of mutation]
 49539 | Slime:3  | Gained mutation: You are robust. (+10% HP) [potion of mutation]
 49606 | Slime:5  | Entered Level 5 of the Pits of Slime
 49609 | Slime:5  | Gained mutation: You are weak. (Str -2) [a shining eye]
 49623 | Slime:5  | Reached XP level 22. HP: 226/226 MP: 33/37
 49862 | Slime:5  | Reached skill level 15 in Fighting
 50164 | Slime:5  | Found a viscous altar of Jiyva.
 50165 | Slime:5  | Noticed the Royal Jelly
 50206 | Slime:5  | Killed the Royal Jelly
 50253 | Slime:5  | Identified the Collected Works on Heat
 50258 | Slime:5  | Got a slimy rune of Zot
 50359 | Slime:5  | Got a brightly glowing chain mail
 50379 | Slime:5  | Got a pair of faintly glowing boots
 50385 | Slime:5  | Identified the +0 pair of boots of Roaqah {rElec} (You found it on level 5 of the Pits of Slime)
 50405 | Slime:5  | Identified the +8 chain mail "Fixaf" {Int+8} (You found it on level 5 of the Pits of Slime)
 51121 | Vaults:4 | Found Ixuintop's Book Emporium.
 51338 | Vaults:5 | Entered Level 5 of the Vaults
 51554 | Vaults:5 | Noticed a golden dragon
 51567 | Vaults:4 | Reached XP level 23. HP: 185/247 MP: 38/38
 51838 | Vaults:5 | Paralysed by a hornet for 2 turns
 53344 | Vaults:5 | Learned a level 5 spell: Silence
 53442 | Vaults:5 | Identified the Almanac of the Twisted Entourage
 54381 | Vaults:5 | Got a silver rune of Zot
 54658 | Vaults:5 | Noticed an ancient lich
 54675 | Vaults:5 | Killed an ancient lich
 54675 | Vaults:5 | Reached skill level 1 in Hexes
 54675 | Vaults:5 | Reached XP level 24. HP: 226/264 MP: 39/39
 55003 | Vaults:5 | Reached skill level 10 in Dodging
 55094 | Vaults:5 | Got a jewelled chain mail
 55105 | Vaults:5 | Identified the +6 chain mail of Xoem {MR+ Regen+ rCorr MP+9} (You took it off a vault warden on level 5 of the Vaults)
 55784 | Depths:1 | Entered Level 1 of the Depths
 56365 | Depths:1 | Found a runed door.
 56540 | Depths:1 | Got a scorched scale mail
 56551 | Depths:1 | Identified the +1 scale mail of Futes {rPois rN+ Regen+ Dex-5} (You found it on level 1 of the Depths)
 56769 | Depths:1 | Found a gateway to Hell.
 56854 | Hell     | Entered the Vestibule of Hell
 56854 | Hell     | Noticed Geryon
 57271 | Hell     | Killed Geryon
 57273 | Hell     | Noticed an ancient lich
 57443 | Depths:2 | Found a one-way gate leading to the halls of Pandemonium.
 57856 | Hell     | Reached skill level 15 in Spellcasting
 57862 | Hell     | Killed an ancient lich
 58070 | Hell     | Found a gateway to the freezing wastes of Cocytus.
 58165 | Hell     | Found a gateway to the Iron City of Dis.
 58258 | Hell     | Found a gateway to the decaying netherworld of Tartarus.
 58381 | Hell     | Found a gateway to the ashen valley of Gehenna.
 58431 | Hell     | Reached XP level 25. HP: 221/271 MP: 42/42
 58690 | Depths:3 | Found Guisuhio's Jewellery Boutique.
 58737 | Depths:3 | Found a shattered altar of Ashenzari.
 58844 | Depths:3 | Got an ancient scale mail
 58855 | Depths:3 | Identified the +4 scale mail of an ossuary {MR+} (You found it on level 3 of the Depths)
 59408 | Depths:3 | Paralysed by a floating eye for 3 turns
 59664 | Coc:1    | Entered Level 1 of Cocytus
 59754 | Geh:1    | Entered Level 1 of Gehenna
 59777 | Geh:1    | Reached skill level 10 in Air Magic
 60783 | Depths:4 | Found a runed door.
 60824 | Depths:4 | Noticed a juggernaut
 60842 | Depths:4 | Killed a juggernaut
 61084 | Depths:4 | Found a one-way gate to the infinite horrors of the Abyss.
 61097 | Depths:4 | Got a pair of ichor-stained gloves
 61108 | Depths:4 | Identified the +0 pair of gloves of Heuguocadeo {*Slow rPois rN+ MR++ Str-4} (You found it on level 4 of the Depths)
 61772 | Depths:4 | Reached XP level 26. HP: 256/282 MP: 45/45
 62507 | Crypt:1  | Entered Level 1 of the Crypt
 63876 | Slime:1  | Noticed Terandir's ghost (adept MiFi)
 64464 | Lair:4   | Noticed Josephine
 64471 | Lair:4   | Reached skill level 5 in Charms
 64475 | Lair:4   | Killed Josephine
 64635 | Lair:4   | Got an ichor-stained hat
 64646 | Lair:4   | Identified the +2 hat of Raledo {-Cast rC++ SInv} (You found it on level 4 of the Lair of Beasts)
 66020 | Crypt:2  | Got a slimy chain mail
 66031 | Crypt:2  | Identified the cursed +1 chain mail of Yschoq {rF+ rN+ Str+7} (You found it on level 2 of the Crypt)
 66329 | Crypt:3  | Entered Level 3 of the Crypt
 69746 | Crypt:3  | Identified Muasuts's Collected Works on Earthen Orientation
 69856 | Crypt:3  | Found an ancient bone altar of Kikubaaqudgha.
 69858 | Crypt:3  | Noticed an ancient lich
 69884 | Crypt:3  | Killed an ancient lich
 70004 | Crypt:3  | Learned a level 2 spell: Song of Slaying
 70008 | Crypt:3  | Learned a level 3 spell: Spectral Weapon
 70009 | Crypt:3  | Identified Sif Muna's Tome of Ashen Creation
 70198 | Crypt:3  | Found a staircase to the Tomb.
 70366 | Crypt:3  | Got a pitted platinum ring
 70368 | Crypt:3  | Identified the ring "Himedoy" {+Fly rC+} (You took it off a skeletal warrior on level 3 of the Crypt)
 70596 | Crypt:2  | Learned a level 8 spell: Necromutation
 71516 | Lair:2   | Learned a level 6 spell: Deflect Missiles
 71800 | Shoals:3 | Noticed Polyphemus
 71809 | Shoals:3 | Reached skill level 1 in Transmutations
 71834 | Shoals:3 | Killed Polyphemus
 72319 | Shoals:3 | Noticed letownia2's illusion
 72334 | Shoals:3 | Killed Mara
 72350 | Shoals:4 | Entered Level 4 of the Shoals
 72558 | Shoals:4 | Noticed Ilsuiw
 72685 | Shoals:4 | Got a barnacled rune of Zot
 72910 | Shoals:4 | Reached XP level 27. HP: 290/290 MP: 46/46
 72934 | Shoals:4 | Reached skill level 5 in Transmutations
 73122 | Shoals:4 | Killed Ilsuiw
 73718 | Depths:5 | Entered Level 5 of the Depths
 74188 | Depths:5 | Found a gate to the Realm of Zot.
 74630 | Depths:5 | Found a gateway to a ziggurat.
 74890 | Zot:1    | Entered Level 1 of the Realm of Zot
 76240 | Zot:3    | Reached skill level 15 in Necromancy
 76240 | Zot:3    | Reached skill level 10 in Transmutations
 76473 | Depths:4 | Slain by a fire giant

Skill      XL: |  1  2  3  4  5  6  7  8  9 10 11 12 13 14 15 16 17 18 19 20 21 22 23 24 25 26 27 |
---------------+----------------------------------------------------------------------------------+-----
Spellcasting   | 2 3 4 5 6 8 9 10 11 12 15 18 19 | 19.0
Necromancy     | 5 6 7 8 11 13 14 15 | 15.1
Fighting       | 1 4 6 8 10 12 14 17 19 | 19.4
Axes           | 1 5 9 11 14 16 19 20 21 24 26 | 26.0
Conjurations   | 3 |  3.1
Fire Magic     | 2 |  2.1
Translocations | 2 5 |  5.3
Poison Magic   | 2 |  2.6
Air Magic      | 2 5 6 10 | 10.5
Evocations     | 5 6 |  6.5
Armour         | 4 5 7 8 11 13 16 17 18 21 | 21.5
Dodging        | 5 7 9 10 11 | 11.5
Charms         | 4 6 8 |  8.4
Hexes          | 1 3 4 |  4.1
Transmutations | 4 10 | 10.2
Stealth        | |  2.4

Action                   |  1- 3 |  4- 6 |  7- 9 | 10-12 | 13-15 | 16-18 | 19-21 | 22-24 | 25-27 || total
-------------------------+-------+-------+-------+-------+-------+-------+-------+-------+-------++-------
Melee: Short sword       |     2 |       |       |       |       |       |       |       |       ||     2
       Dagger            |    16 |   146 |   210 |       |       |       |       |       |       ||   372
       Unarmed           |     1 |       |       |       |     8 |       |       |       |       ||     9
       Hand axe          |       |    25 |    96 |   421 |   563 |   138 |       |       |       ||  1243
       Spear             |       |       |     6 |   181 |       |       |       |       |       ||   187
       War axe           |       |       |       |     7 |   113 |       |       |       |       ||   120
       Executioner's axe |       |       |       |       |    42 |   813 |  1810 |  1542 |  1907 ||  6114
       Staff             |       |       |       |       |       |     2 |       |       |     1 ||     3
 Fire: Arbalest          |       |       |       |       |    29 |       |       |       |       ||    29
Throw: Throwing net      |       |       |     1 |       |     3 |     1 |       |       |       ||     5
 Cast: Pain              |    32 |    84 |    69 |     5 |    43 |    19 |       |       |       ||   252
       Vampiric Draining |       |    15 |    40 |   215 |   510 |   696 |     5 |       |   177 ||  1658
       Conjure Flame     |       |       |     5 |    41 |    28 |     7 |    22 |     3 |     1 ||   107
       Mephitic Cloud    |       |       |     5 |    36 |    76 |    44 |    11 |     4 |    15 ||   191
       Blink             |       |       |       |     1 |     5 |     2 |     1 |     2 |    28 ||    39
       Dispel Undead     |       |       |       |       |     1 |       |       |       |   173 ||   174
       Shroud of Golubri |       |       |       |       |       |     6 |       |       |       ||     6
       Swiftness         |       |       |       |       |       |     1 |     1 |       |       ||     2
       Agony             |       |       |       |       |       |       |     1 |       |       ||     1
       Ignite Poison     |       |       |       |       |       |       |       |     1 |     2 ||     3
       Silence           |       |       |       |       |       |       |       |       |     3 ||     3
       Deflect Missiles  |       |       |       |       |       |       |       |       |     2 ||     2
       Song of Slaying   |       |       |       |       |       |       |       |       |     4 ||     4
Invok: Call Merchant     |       |       |       |     4 |     3 |     3 |     3 |     1 |     5 ||    19
 Abil: Evoke Invisibilit |       |       |       |       |       |     1 |       |       |       ||     1
       Evoke Flight      |       |       |       |       |       |       |       |       |     1 ||     1
Evoke: Wand              |       |       |     1 |     2 |    25 |    31 |     9 |     1 |     6 ||    75
       Lightning rod     |       |       |       |       |     4 |       |       |       |       ||     4
       Lamp of fire      |       |       |       |       |       |     2 |       |       |       ||     2
       Box of beasts     |       |       |       |       |       |     1 |       |       |       ||     1
  Use: Potion            |       |       |     1 |       |     3 |     3 |     6 |     3 |     2 ||    18
       Scroll            |       |       |     1 |    23 |    14 |    13 |    10 |     4 |     7 ||    72
 Stab: Sleeping          |       |     2 |     4 |     4 |     2 |       |       |       |       ||    12
       Confused          |       |       |     1 |    15 |    31 |    16 |     3 |       |     6 ||    72
       Distracted        |       |       |     1 |     5 |     8 |     8 |    17 |    33 |    28 ||   100
       Invisible         |       |       |       |       |       |     3 |       |       |       ||     3
       Petrifying        |       |       |       |       |       |       |       |       |     1 ||     1
  Eat: Bread ration      |       |     1 |     2 |       |       |     7 |     3 |     1 |     6 ||    20
       Meat ration       |       |     1 |     1 |     1 |     1 |     1 |     3 |     3 |     1 ||    12
       Royal jelly       |       |       |       |    12 |    11 |     4 |     1 |     4 |     8 ||    40
       Fruit             |       |       |       |     1 |     1 |     9 |    14 |       |    22 ||    47
Armor: Robe              |     5 |     1 |       |       |       |       |       |       |       ||     6
       Ring mail         |       |    62 |   119 |   195 |   392 |    58 |       |       |       ||   826
       Chain mail        |       |       |       |       |    54 |   125 |   692 |  1033 |  1046 ||  2950
       Plate armour      |       |       |       |       |       |   860 |       |       |       ||   860
Dodge: Dodged            |    14 |    69 |   171 |   384 |   651 |   567 |   458 |   766 |  1109 ||  4189
       Deflected         |       |       |       |       |       |       |       |       |     7 ||     7
Block: Other             |       |       |       |       |       |       |   328 |   582 |   657 ||  1567
       Reflection        |       |       |       |       |       |       |    31 |    37 |    28 ||    96
